 Dungeon Crawl Stone Soup version 0.25-a0-597-gb30770a0c0 (webtiles) character file.

Game seed: 13788568046264542132, levelgen mode: deterministic

3574 Emblim88 the Magician (level 10, -13/77 HPs)
             Began as a Gnoll Skald on Mar 15, 2020.
             Was a Believer of Fedhas.
             Mangled by a two-headed ogre
             ... wielding a +0 giant club
              (25 damage)
             ... on level 8 of the Dungeon.
             The game lasted 00:17:53 (6606 turns).

Emblim88 the Magician (Gnoll Skald)                 Turns: 6606, Time: 00:17:55

Health: -13/77     AC: 12    Str: 16    XL:     10   Next: 10%
Magic:  19/20      EV: 15    Int: 15    God:    Fedhas [**....]
Gold:   280        SH: 17    Dex: 16    Spells: 12/23 levels left

rFire    + . .     SeeInvis .   b - +6 flail (vorpal)
rCold    x . .     Gourm    .   G - +2 kite shield {AC+3}
rNeg     . . .     Faith    .   I - +0 steam dragon scales
rPois    .         Spirit   .   r - +1 hat
rElec    .         Reflect  +   s - +0 cloak
rCorr    .         Harm     .   (no gloves)
MR       .....                  q - +0 pair of boots
Stlth    +++.......             y - +5 amulet of reflection
HPRegen  0.22/turn              p - +4 ring of slaying
MPRegen  0.17/turn              o - ring of fire

@: infused
A: distributed training, fangs 1, strong nose
a: Wall of Briars, Renounce Religion


You were on level 8 of the Dungeon.
You worshipped Fedhas.
Fedhas was pleased with you.
You were not hungry.

You visited 1 branch of the dungeon, and saw 8 of its levels.

You collected 602 gold pieces.
You spent 322 gold pieces at shops.

Inventory:

Hand Weapons
 b - a +6 vorpal flail (weapon)
 t - a +2 vorpal hunting sling
Missiles
 u - 55 sling bullets
 v - 213 stones (quivered)
Armour
 q - a +0 pair of boots (worn)
 r - a +1 hat (worn)
 s - a +0 cloak (worn)
 A - a +2 chain mail of cold resistance
 E - a +0 ring mail
 G - a +2 kite shield of protection (worn)
 I - +0 steam dragon scales (worn)
Jewellery
 o - a ring of fire (right hand)
 p - a +4 ring of slaying (left hand)
 y - a +5 amulet of reflection (around neck)
Scrolls
 g - 6 scrolls of identify
 i - 5 scrolls of remove curse
 k - 5 scrolls of amnesia
 l - 2 scrolls of blinking
 m - a scroll of magic mapping
 n - 2 scrolls of random uselessness {unknown}
 w - 2 scrolls of noise {unknown}
 B - a scroll of enchant weapon {unknown}
 C - 2 scrolls of fear {unknown}
 D - 5 scrolls of teleportation {unknown}
Potions
 a - 2 potions of might
 c - 4 potions of heal wounds
 e - 4 potions of curing
 f - a potion of brilliance
 h - a potion of stabbing
 j - 2 potions of haste
 z - 3 potions of lignification {unknown}
 F - a potion of ambrosia {unknown}
Comestibles
 d - 9 rations
 x - 3 chunks of flesh


   Skills:
 + Level 6.7 Fighting
 + Level 4.8 Short Blades
 + Level 4.8 Long Blades
 + Level 4.8 Axes
 + Level 6.7 Maces & Flails
 + Level 4.8 Polearms
 + Level 4.8 Staves
 + Level 4.8 Slings
 + Level 4.8 Bows
 + Level 4.8 Crossbows
 + Level 4.8 Throwing
 + Level 5.5 Armour
 + Level 6.7 Dodging
 + Level 4.8 Stealth
 + Level 4.8 Shields
 + Level 4.8 Unarmed Combat
 + Level 7.0 Spellcasting
 + Level 4.0 Conjurations
 + Level 4.0 Hexes
 + Level 6.8 Charms
 + Level 4.0 Summonings
 + Level 4.0 Necromancy
 + Level 4.0 Translocations
 + Level 4.0 Transmutations
 + Level 4.0 Fire Magic
 + Level 4.0 Ice Magic
 + Level 4.0 Air Magic
 + Level 4.0 Earth Magic
 + Level 4.0 Poison Magic
 + Level 5.3 Invocations
 + Level 4.8 Evocations


You had 12 spell levels left.
You knew the following spells:

 Your Spells              Type           Power        Failure   Level  Hunger
a - Infusion              Chrm           ####         3%          1    None
b - Spectral Weapon       Hex/Chrm       ###.....     16%         3    ##.....
c - Song of Slaying       Chrm           ####....     4%          2    None
d - Shroud of Golubria    Chrm/Tloc      ###...       8%          2    None
e - Ozocubu's Armour      Chrm/Ice       ###.....     16%         3    ##.....

Your spell library contained the following spells:

 Spells                   Type           Power        Failure   Level  Hunger


Dungeon Overview and Level Annotations

Branches:
Dungeon (8/15)             Temple (0/1) D:5
   Lair: D:8-11

Altars:
Dithmenos
Fedhas
Gozag
Kikubaaqudgha
Makhleb
Qazlal
Ru
Vehumet
Wu Jian

Shops:
D:8 !


Innate Abilities, Weirdness & Mutations

Your experience applies equally to all skills.
You have very sharp teeth.
Your uncanny sense of smell can sniff out nearby items.


Message History

You reflect the arrow off an invisible shield around you!
The arrow hits the centaur!
The centaur dies!
You block the two-headed ogre's attack.
The two-headed ogre hits you with a +0 giant club!
Casting: Ozocubu's Armour (safe; 16% risk of failure)
Confirm with . or Enter, or press ? or * to list all spells.
You begin infusing your attacks with magical energy.
You barely miss the two-headed ogre.
The two-headed ogre is heavily wounded.
The two-headed ogre barely misses you.
The two-headed ogre hits you with a +0 giant club!!
* * * LOW HITPOINT WARNING * * *
Your shield prevents you from hitting the two-headed ogre.
You bite the two-headed ogre.
The two-headed ogre is heavily wounded.
You block the two-headed ogre's attack.
The two-headed ogre hits you with a +0 giant club!!
You die...
Fedhas appreciates your contribution to the ecosystem.

####.##### #.. #[# ###.#
#.# .... #.### ##.)#
#.#.##
####...##########....###
+....... ...............
#...##########....###
#.O@.# #.#.## ####.#
#.### ∆ #.# #..# #.#
##.# #. #.# #.# #. #.#
#.# ##.## #########.#
#.# ##...# #^........#
#.##### #.....
#.######### #.#....


You could see a two-headed ogre.

Vanquished Creatures
  Pikel (D:7)
  Maggie (D:7)
  A wyvern (D:8)
  A hungry ghost (D:8)
  Edmund (D:4)
  A black bear (D:6)
  An ice beast (D:6)
  3 orc warriors
  3 sky beasts
  3 phantoms
  3 centaurs
  2 ogres
  A bullfrog (D:7)
  2 scorpions
  A howler monkey (D:8)
  Crazy Yiuf (D:5)
  A gnoll shaman (D:7)
  4 hounds
  3 jellies
  A centaur skeleton (D:6)
  2 iguanas
  6 orc wizards
  A worker ant (D:7)
  A statue (D:4)
  2 hound zombies
  5 gnolls (D:7)
  5 adders
  2 shadow imps
  An ooze (D:1)
  An adder skeleton (D:4)
  A worm (D:2)
  5 dart slugs
  7 leopard geckos
  14 orcs
  A ball python (D:2)
  6 bats
  7 giant cockroaches
  5 goblins
  5 hobgoblins
  6 jackals
  2 quokkas
  5 frilled lizards
  2 giant cockroach zombies
  6 kobolds
  A leopard gecko skeleton (D:4)
  12 rats
146 creatures vanquished.

Vanquished Creatures (others)
  A centaur (D:8)
1 creature vanquished.

Grand Total: 147 creatures vanquished

Notes
Turn   | Place    | Note
-------+----------+-------------------------------------------
     0 | D:1      | Emblim88 the Gnoll Skald began the quest for the Orb.
     0 | D:1      | Reached XP level 1. HP: 20/20 MP: 6/6
   235 | D:1      | Reached XP level 2. HP: 18/26 MP: 7/7
   657 | D:1      | Reached skill level 5 in Spellcasting
   657 | D:1      | Reached XP level 3. HP: 22/31 MP: 7/9
  1390 | D:2      | Reached skill level 1 in Invocations
  1512 | D:2      | Reached skill level 1 in Short Blades
  1512 | D:2      | Reached skill level 1 in Long Blades
  1512 | D:2      | Reached skill level 1 in Axes
  1512 | D:2      | Reached skill level 1 in Polearms
  1512 | D:2      | Reached skill level 1 in Staves
  1512 | D:2      | Reached skill level 1 in Slings
  1512 | D:2      | Reached skill level 1 in Bows
  1512 | D:2      | Reached skill level 1 in Crossbows
  1512 | D:2      | Reached skill level 1 in Throwing
  1512 | D:2      | Reached skill level 1 in Stealth
  1512 | D:2      | Reached skill level 1 in Shields
  1512 | D:2      | Reached skill level 1 in Unarmed Combat
  1512 | D:2      | Reached skill level 1 in Evocations
  1512 | D:2      | Reached XP level 4. HP: 9/38 MP: 11/11
  2599 | D:4      | Noticed a centaur
  2605 | D:4      | Killed a centaur
  2605 | D:4      | Reached skill level 1 in Conjurations
  2605 | D:4      | Reached skill level 1 in Hexes
  2605 | D:4      | Reached skill level 1 in Summonings
  2605 | D:4      | Reached skill level 1 in Necromancy
  2605 | D:4      | Reached skill level 1 in Translocations
  2605 | D:4      | Reached skill level 1 in Transmutations
  2605 | D:4      | Reached skill level 1 in Fire Magic
  2605 | D:4      | Reached skill level 1 in Ice Magic
  2605 | D:4      | Reached skill level 1 in Air Magic
  2605 | D:4      | Reached skill level 1 in Earth Magic
  2605 | D:4      | Reached skill level 1 in Poison Magic
  2605 | D:4      | Reached XP level 5. HP: 35/43 MP: 12/12
  2671 | D:4      | Found an ancient bone altar of Kikubaaqudgha.
  2671 | D:4      | Found a blossoming altar of Fedhas.
  2681 | D:4      | Found a burning altar of Makhleb.
  2683 | D:4      | Found a shadowy altar of Dithmenos.
  2689 | D:4      | Found a sacrificial altar of Ru.
  2689 | D:4      | Found an ornate altar of the Wu Jian Council.
  2690 | D:4      | Found a stormy altar of Qazlal.
  2735 | D:4      | Became a worshipper of Fedhas Madash
  2746 | D:4      | Reached XP level 6. HP: 50/50 MP: 13/13
  2847 | D:4      | Learned a level 3 spell: Spectral Weapon
  2850 | D:4      | Learned a level 2 spell: Song of Slaying
  2853 | D:4      | Learned a level 2 spell: Shroud of Golubria
  2857 | D:4      | Learned a level 3 spell: Ozocubu's Armour
  2866 | D:4      | Noticed Edmund
  2986 | D:4      | Reached skill level 5 in Fighting
  2986 | D:4      | Reached skill level 5 in Maces & Flails
  2986 | D:4      | Reached skill level 5 in Dodging
  3103 | D:4      | Found a radiant altar of Vehumet.
  3264 | D:4      | Killed Edmund
  3264 | D:4      | Reached XP level 7. HP: 39/56 MP: 15/15
  3333 | D:5      | Entered Level 5 of the Dungeon
  3397 | D:5      | Found a staircase to the Ecumenical Temple.
  3802 | D:5      | Found a runed translucent door.
  3803 | D:5      | Noticed Crazy Yiuf
  3810 | D:5      | Killed Crazy Yiuf
  3862 | D:6      | Reached XP level 8. HP: 62/63 MP: 16/16
  3977 | D:6      | Reached * piety under Fedhas
  4069 | D:6      | Reached skill level 6 in Spellcasting
  5167 | D:7      | Found an opulent altar of Gozag.
  5231 | D:7      | Reached XP level 9. HP: 68/69 MP: 12/18
  5303 | D:7      | Noticed Pikel
  5315 | D:7      | Killed Pikel
  5549 | D:7      | Reached skill level 5 in Armour
  5573 | D:7      | Noticed Maggie
  5595 | D:7      | Killed Maggie
  6114 | D:8      | Reached skill level 5 in Invocations
  6276 | D:8      | Reached XP level 10. HP: 71/77 MP: 0/20
  6286 | D:8      | Reached skill level 7 in Spellcasting
  6455 | D:8      | Found Ycvyinov's Distillery.
  6464 | D:8      | Bought a potion of might for 56 gold pieces
  6464 | D:8      | Bought 2 potions of curing for 84 gold pieces
  6464 | D:8      | Bought a potion of curing for 42 gold pieces
  6464 | D:8      | Bought a potion of heal wounds for 70 gold pieces
  6464 | D:8      | Bought a potion of heal wounds for 70 gold pieces
  6507 | D:8      | Reached ** piety under Fedhas
  6598 | D:8      | Noticed a two-headed ogre
  6606 | D:8      | Mangled by a two-headed ogre

Levels and vault maps discovered:
D:1:      dpeg_cavernosity, layout_basic
D:2:      layout_loops_cross, grunt_decor_cap
D:3:      layout_rooms
D:4:      layout_gridville, vehumet_statue, grunt_temple_overflow_open,
          uniq_edmund
D:5:      layout_basic, temple_fountains, first_ration, hangedman_glass_teeth,
          uniq_crazy_yiuf_cottage
D:6:      layout_layer_cave, serial_glass, glass_columns_a, glass_columns_a
D:7:      layout_loops_ring, basic_altar, uniq_maggie, uniq_pikel
D:8:      layout_loops_corners, serial_shops, nicolae_shop_stone

Skill      XL: |  1  2  3  4  5  6  7  8  9 10 |
---------------+-------------------------------+-----
Spellcasting   | 5 6 7 |  7.0
Invocations    | 1 2 3 4 5 |  5.3
Short Blades   | 1 2 3 4 |  4.8
Long Blades    | 1 2 3 4 |  4.8
Axes           | 1 2 3 4 |  4.8
Polearms       | 1 2 3 4 |  4.8
Staves         | 1 2 3 4 |  4.8
Slings         | 1 2 3 4 |  4.8
Bows           | 1 2 3 4 |  4.8
Crossbows      | 1 2 3 4 |  4.8
Throwing       | 1 2 3 4 |  4.8
Stealth        | 1 2 3 4 |  4.8
Shields        | 1 2 3 4 |  4.8
Unarmed Combat | 1 2 3 4 |  4.8
Evocations     | 1 2 3 4 |  4.8
Armour         | 3 4 5 |  5.5
Conjurations   | 1 2 3 4 |  4.0
Hexes          | 1 2 3 4 |  4.0
Summonings     | 1 2 3 4 |  4.0
Necromancy     | 1 2 3 4 |  4.0
Translocations | 1 2 3 4 |  4.0
Transmutations | 1 2 3 4 |  4.0
Fire Magic     | 1 2 3 4 |  4.0
Ice Magic      | 1 2 3 4 |  4.0
Air Magic      | 1 2 3 4 |  4.0
Earth Magic    | 1 2 3 4 |  4.0
Poison Magic   | 1 2 3 4 |  4.0
Fighting       | 5 6 |  6.7
Maces & Flails | 5 6 |  6.7
Dodging        | 5 6 |  6.7
Charms         | 6 |  6.8

Action                   |  1- 3 |  4- 6 |  7- 9 | 10-12 || total
-------------------------+-------+-------+-------+-------++-------
Melee: Mace              |   109 |    66 |       |       ||   175
       Bite              |     7 |     7 |    23 |     3 ||    40
       Flail             |       |       |   187 |    27 ||   214
 Fire: Hunting sling     |       |    57 |       |       ||    57
 Cast: Infusion          |       |       |     6 |     1 ||     7
       Ozocubu's Armour  |       |       |     4 |       ||     4
       Shroud of Golubri |       |       |     1 |       ||     1
  Use: Potion            |       |     1 |       |       ||     1
       Scroll            |       |       |     7 |       ||     7
 Stab: Sleeping          |       |     1 |     4 |     1 ||     6
  Eat: Chunk             |     2 |     5 |    10 |     2 ||    19
Armor: Ring mail         |    40 |    14 |    38 |       ||    92
       Chain mail        |       |    12 |       |       ||    12
       Steam dragon scal |       |       |     6 |     5 ||    11
Dodge: Dodged            |    77 |    32 |    68 |     5 ||   182
Block: Buckler           |       |    11 |       |       ||    11
       Kite shield       |       |     9 |   162 |    22 ||   193
       Reflection        |       |       |     4 |     4 ||     8

Table legend:
 A = Non-vault XP
 B = Vault XP
 C = Vault XP percentage of total XP
 D = Non-vault monster count
 E = Vault monster count
 F = Vault count percentage of total count
                 A         B        C        D         E       F
            +---------+---------+-------+---------+---------+-------
      Total |    3864 |    1243 |  24.3 |     138 |       9 |   6.1
            +---------+---------+-------+---------+---------+-------
        D:1 |      41 |       6 |  12.8 |      21 |       4 |  16.0
        D:2 |      43 |       0 |   0.0 |      15 |       0 |   0.0
        D:3 |      70 |       0 |   0.0 |      19 |       0 |   0.0
        D:4 |     367 |     203 |  35.6 |      17 |       2 |  10.5
        D:5 |     370 |      42 |  10.2 |      14 |       1 |   6.7
        D:6 |     942 |       0 |   0.0 |      15 |       0 |   0.0
        D:7 |     645 |     992 |  60.6 |      20 |       2 |   9.1
        D:8 |    1386 |       0 |   0.0 |      17 |       0 |   0.0
            +---------+---------+-------+---------+---------+-------
